 Dungeon Crawl Stone Soup version 0.30-a0-585-g93115170b9 (webtiles) character file.

Game seed: 10932036297886973442

87533 bjtr the Scorcher (level 15, 0/84 HPs)
             Began as a Gargoyle Fire Elementalist on Jan 1, 2023.
             Was a High Priest of Vehumet.
             Slain by a salamander
             ... wielding a +2 trident
              (5 damage)
             ... on level 1 of the Snake Pit on Jan 2, 2023.
             The game lasted 03:17:46 (31683 turns).

bjtr the Scorcher (Gargoyle Fire Elementalist)     Turns: 31683, Time: 03:17:47

Health: 0/84       AC: 28    Str: 13    XL:     15   Next: 90%
Magic:  24/34      EV:  9    Int: 34    God:    Vehumet [*****.]
Gold:   1683       SH: 18    Dex: 16    Spells: 3/45 levels left

rFire   + + .      SeeInvis +    B - +7 spear of the Conjuring Jester {spect, rF+ rC+ Int-2}
rCold   + + +      Faith    .    n - +2 kite shield
rNeg    + . .      Spirit   .    Q - +4 troll leather armour {Snorg}
rPois   ∞          Reflect  +    u - +0 helmet of the Maze {rC+ Dex+6 SInv}
rElec   +          Harm     .    f - scarf {rC+ rF+}
rCorr   .          Rampage  .    x - +2 pair of gloves of the Manifold Knaves {Int+8}
Will    +....                    (no boots)
Stlth   ++                       P - amulet of reflection
HPRegen 1.14/turn                W - +6 ring of intelligence
MPRegen 0.24/turn                C - +4 ring of protection

@: flying, constricted
A: sickness immunity, AC +11, big wings, negative energy resistance 1,
electricity resistance, torment resistance 1, petrification resistance
a: Renounce Religion


You were on level 1 of the Snake Pit.
You worshipped Vehumet.
Vehumet was extremely pleased with you.
You visited 5 branches of the dungeon, and saw 24 of its levels.

You collected 2319 gold pieces.
You spent 636 gold pieces at shops.

Inventory:

Hand Weapons
 a - the +0 whip "Tunuramui" {flame, rF+++ rC+ Int-2 SInv}
   (You found it on level 2 of the Dungeon)

   It burns those it strikes, dealing additional fire damage.
   Int:       It affects your intelligence (-2).
   rF:        It renders you almost immune to fire.
   rC:        It protects you from cold.
   SInv:      It lets you see invisible.
 c - a +4 scimitar of flaming
 B - the +7 spear of the Conjuring Jester (weapon) {spect, rF+ rC+ Int-2}
   (You found it on level 15 of the Dungeon)

   When its wielder attacks, the weapon's spirit leaps out and strikes again.
   The spirit shares a part of any damage it takes with its wielder.
   Int:       It affects your intelligence (-2).
   rF:        It protects you from fire.
   rC:        It protects you from cold.
Missiles
 m - a boomerang of dispersal
 q - 2 throwing nets (quivered)
 U - 3 silver javelins
Armour
 f - a scarf of resistance (worn)
 n - a +2 kite shield (worn)
 u - the +0 helmet of the Maze (worn) {rC+ Dex+6 SInv}
   (You bought it in a shop on level 2 of the Orcish Mines)

   Dex:       It affects your dexterity (+6).
   rC:        It protects you from cold.
   SInv:      It lets you see invisible.
 x - the +2 pair of gloves of the Manifold Knaves (worn) {Int+8}
   (You acquired it on level 14 of the Dungeon)

   Int:       It affects your intelligence (+8).
 E - the +2 pair of boots "Liroytheot" {rF- Dex+4 SInv}
   (You bought it in a shop on level 2 of the Orcish Mines)

   Dex:       It affects your dexterity (+4).
   rF:        It makes you vulnerable to fire.
   SInv:      It lets you see invisible.
 Q - a +4 troll leather armour (worn) {Snorg}
Jewellery
 C - a +4 ring of protection (right hand)
 J - a ring of resist corrosion
 P - an amulet of reflection (around neck)
 W - a +6 ring of intelligence (left hand)
Wands
 j - a wand of mindburst (9)
 w - a wand of quicksilver (6)
 z - a wand of roots (19)
 F - a wand of flame (54)
 K - a wand of charming (24)
Scrolls
 k - 11 scrolls of teleportation
 l - 4 scrolls of fog
 o - 2 scrolls of fear
 p - a scroll of silence
 y - 2 scrolls of poison
 O - a scroll of summoning
 V - a scroll of blinking
Potions
 e - a potion of heal wounds
 h - a potion of resistance
 i - 2 potions of invisibility
 r - 2 potions of cancellation
 s - 4 potions of haste
 t - 8 potions of curing
 v - 4 potions of brilliance
 I - a potion of might
 L - 5 potions of ambrosia
Miscellaneous
 d - a phantom mirror
 D - a condenser vane
 S - a lightning rod (4/4)


   Skills:
 * Level 6.4 Fighting
 + Level 6.3 Armour
 + Level 4.1 Dodging
 + Level 3.4 Stealth
 + Level 8.4 Shields
 + Level 15.5 Spellcasting
 + Level 9.1 Conjurations
 + Level 16.2 Fire Magic
 + Level 0.7 Ice Magic
 + Level 1.0 Poison Magic
 * Level 4.8 Evocations


You had 3 spell levels left.
You knew the following spells:

 Your Spells              Type           Power      Damage    Failure   Level
a - Foxfire               Conj/Fire      100%       2x1d9     1%          1
b - Scorch                Fire           100%       2d10      0%          2
c - Inner Flame           Hex/Fire       69%        N/A       1%          3
d - Sticky Flame          Conj/Fire      85%        2d10      1%          4
e - Flame Wave            Conj/Fire      85%        2d18      1%          4
f - Passwall              Tmut/Erth      21%        N/A       7%          2
g - Swiftness             Air            26%        N/A       14%         3
h - Searing Ray           Conj           100%       2d8       1%          2
i - Mephitic Cloud        Conj/Pois/Air  49%        N/A       1%          3
j - Ignite Poison         Fire/Tmut/Pois 60%        N/A       1%          3
k - Olgreb's Toxic Radia  Pois           33%        N/A       8%          4
l - Freezing Cloud        Conj/Ice/Air   24%        6-21      9%          5
m - Starburst             Conj/Fire      42%        6d12      1%          6

Your spell library contained the following spells:

 Spells                   Type           Power      Damage    Failure   Level
 Fireball                 Conj/Fire      42%        3d17      1%          5
 Freeze                   Ice            100%       1d10      1%          1
 Kiss of Death            Conj/Necr      100%       2d13      1%          1
 Magic Dart               Conj           100%       1d8       1%          1
 Poisonous Vapours        Pois/Air       60%        N/A       1%          2
 Dazzling Flash           Conj/Hex       100%       N/A       1%          3
 Hailstorm                Conj/Ice       56%        3d12      1%          3
 Kindle Blastsparks       Fire/Tloc/Air  100%       2d18      1%          3
 Frozen Ramparts          Ice            62%        1d10      2%          3
 Apportation              Tloc           52%        N/A       4%          1
 Necrotise                Necr           100%       1d9       4%          1
 Summon Small Mammal      Summ           100%       N/A       4%          1
 Ensorcelled Hibernation  Hex/Ice        56%        N/A       6%          2
 Spider Form              Tmut/Pois      30%        N/A       11%         3
 Confusing Touch          Hex            26%        N/A       14%         3
 Vampiric Draining        Necr           26%        2d7       14%         3
 Fulminant Prism          Conj/Hex       27%        3d13      1%          4
 Iskenderun's Mystic Bla  Conj/Tloc      55%        2d12      1%          4
 Conjure Ball Lightning   Conj/Air       27%        3x3d8     26%         6
 Summon Ice Beast         Ice/Summ       28%        N/A       36%         4
 Anguish                  Hex/Necr       13%        N/A       41%         4
 Dispel Undead            Necr           26%        3d13      41%         4
 Agony                    Necr           26%        N/A       77%         5
 Summon Mana Viper        Hex/Summ       26%        N/A       77%         5
 Monstrous Menagerie      Summ           13%        N/A       100%        7
 Discord                  Hex            13%        N/A       100%        8
 Disjunction              Tloc           13%        N/A       100%        8
 Cigotuvi's Dreadful Rot  Necr/Pois/Air  Unusable   N/A       N/A         2

Dungeon Overview and Level Annotations

Branches:
Dungeon (15/15)            Temple (1/1) D:7            Lair (5/5) D:9
  Swamp (0/4) Lair:3        Snake (1/4) Lair:2        Slime (0/5) Lair:5
    Orc (2/2) D:12            Elf (0/3) Orc:2        Vaults (0/5) D:14
 Depths (0/4) D:15

Altars:
Ashenzari
Cheibriados
Dithmenos
Elyvilon
Fedhas
Gozag
Hepliaklqana
Kikubaaqudgha
Makhleb
Nemelex Xobeh
Okawaru
Qazlal
Ru
Sif Muna
Trog
Uskayaw
Vehumet
Wu Jian
Xom
Yredelemnul
Zin
The Shining One
Jiyva

Shops:
D:7 =   Orc:2 *=[(=

Portals:
Trove: D:10 (give 6 scrolls of blinking)


Innate Abilities, Weirdness & Mutations

You are immune to sickness and miasma.
Your stone body is resilient. (AC +11)
You are immune to poison.
Your large and strong wings let you fly.
You resist negative energy. (rN+)
You are resistant to electric shocks. (rElec)
You are resistant to unholy torment.
You are immune to petrification.


Message History

The naga's fire resistance burns away.
The guardian serpent shouts!
You hear a shout!
A naga comes into view. It is wielding a +0 mace.
A naga comes into view. It is wielding a +0 dire flail.
The salamander shoots an arrow.
You reflect the arrow off an invisible shield around you!
The arrow hits the salamander!
Casting: Scorch (safe; 0% risk of failure)
Confirm with . or Enter, or press ? or * to list all spells.
Aiming: Inner Flame (safe; 1% risk of failure)
Press: ? - help, Dir - move target, f - guardian serpent, p - naga
Aim: a guardian serpent (chance to affect: 80%)
The guardian serpent is filled with an inner flame.
The guardian serpent coils itself and waves its upper body at you.
The bolt of poison hits you but does no damage.
You resist.
The salamander shoots an arrow.
You reflect the arrow off an invisible shield around you!
The arrow hits the salamander!
The guardian serpent casts a spell at you.
The guardian serpent blinks!
The black mamba blinks!
The naga blinks! x2
The naga warrior blinks!
The salamander blinks!
The naga blinks!
Casting: Inner Flame (safe; 1% risk of failure)
Confirm with . or Enter, or press ? or * to list all spells.
Aiming: Inner Flame (safe; 1% risk of failure)
Press: ? - help, Dir - move target, f - naga, p - guardian serpent
Aim: a naga, wielding a +0 dire flail (strong, chance to affect: 91%)
The naga barely resists.
You block the guardian serpent's attack.
The black mamba bites you but does no damage.
The naga hits you with a +0 dire flail! The naga grabs you.
The naga constricts you.
The naga warrior hits you with a +1 long sword of holy wrath!
The naga closely misses you. The naga hits you with a +0 glaive!!!
* * * LOW HITPOINT WARNING * * *
The guardian serpent casts a spell at you.
You resist with some effort.
The naga warrior hits you with a +0 hand axe!
* * * LOW HITPOINT WARNING * * *
The salamander hits you with a +2 trident.
You die...

#...........
#.?.........
#...|...N... #.
#...........
#.####......N..§.
.....#...........
...........S.....
.......NNS.......
.......S@N.§...#.
.......NNN.....#
.......<.......#
....##.........#
... #...........
. ..........##
...........#
............#
.............#


You could see 2 naga warriors, 2 salamanders, 2 guardian serpents, a black mamba
and 4 nagas.

Vanquished Creatures
  An orc warlord (Orc:1)
  A very ugly thing (D:15)
  Azrael (Orc:2)
  The ghost of leviel the Cleaver, a journeyman HOFi of Gozag (Orc:2)
  Snorg (D:12)
  A great orb of eyes (Lair:2)
  A rakshasa (D:13)
  2 hydras
  2 ogre magi
  3 catoblepae
  3 centaur warriors
  6 boulder beetles
  8 two-headed ogres
  The ghost of Mistam the Thaumaturge, a journeyman TeCj of Ashenzari (Lair:1)
  A tengu warrior (D:15)
  4 orc high priests
  Urug (Lair:1)
  A dancing weapon (Orc:2)
  Sonja (D:10)
  2 goliath frogs (Lair:5)
  A glowing orange brain (D:15)
  A lindwurm (Lair:4)
  A necromancer (Lair:3)
  6 orc knights
  A deep elf pyromancer (D:14)
  A harpy (shapeshifter) (D:13)
  3 cyclopes
  2 orc sorcerers
  6 ugly things
  A manticore (D:12)
  6 elephants (Lair:4)
  22 cane toads
  7 black mambas
  A cane toad (shapeshifter) (D:13)
  6 rime drakes
  15 komodo dragons
  4 kobold demonologists
  2 polar bears
  A meliai (shapeshifter) (D:14)
  8 trolls
  2 tyrant leeches (Lair:5)
  A hornet (D:11)
  A tarantella (shapeshifter) (D:14)
  5 dream sheep (Lair:4)
  20 blink frogs
  9 slime creatures
  Sigmund (D:2)
  A ynoxinul (D:8)
  A wraith (D:12)
  42 yaks
  7 wyverns
  2 steam dragons
  6 basilisks
  A golden eye (shapeshifter) (D:13)
  A fire elemental (Orc:2)
  13 vampire mosquitoes
  5 wargs
  Menkaure (D:7)
  3 nagas (Lair:2)
  3 acid dragons
  3 hell hounds (Orc:2)
  15 water moccasins
  2 black bears
  A meliai simulacrum (D:14)
  37 orc warriors
  A sky beast (D:6)
  3 ice beasts
  9 ogres
  A swamp drake (D:9)
  15 centaurs
  13 wolves
  4 kobold brigands
  Blork the orc (D:4)
  21 bullfrogs
  6 gnoll sergeants
  A scorpion (D:5)
  13 wights
  3 howler monkeys
  6 electric eels
  3 vampire bats (Lair:4)
  5 jellies
  6 hounds
  18 orc priests
  2 gnoll boudas (D:7)
  4 iguanas
  20 orc wizards
  Terence (D:2)
  3 yak simulacra (Lair:3)
  3 polar bear simulacra (Lair:3)
  A wolf simulacrum (Lair:3)
  A mummy (D:7)
  32 gnolls
  5 adders
  A river rat (shapeshifter) (D:15)
  A shadow imp (D:7)
  A white imp (D:6)
  An ufetubus (D:5)
  2 worms
  A dart slug (D:2)
  100 orcs
  11 bats
  7 endoplasms
  7 giant cockroaches
  7 goblins
  7 hobgoblins
  9 jackals
  5 quokkas
  8 ball pythons
  5 frilled lizards
  25 kobolds
  5 rats
  4 river rat simulacra (Lair:3)
  A bush (Lair:1)
  A foxfire (D:15)
  A plant (Lair:4)
731 creatures vanquished.

Vanquished Creatures (others)
  A blink frog (Lair:5)
  A bush (Lair:5)
  343 foxfires
  39 fungi
  106 plants
  5 toadstools (Lair:4)
495 creatures vanquished.

Grand Total: 1226 creatures vanquished

Notes
Turn   | Place    | Note
-------+----------+-------------------------------------------
     0 | D:1      | bjtr the Gargoyle Fire Elementalist began the quest for the
                  | Orb.
     0 | D:1      | Reached XP level 1. HP: 10/10 MP: 3/3
   222 | D:1      | Reached XP level 2. HP: 15/15 MP: 1/5
   244 | D:1      | Learned a level 2 spell: Scorch
   556 | D:1      | Reached XP level 3. HP: 19/19 MP: 3/6
   623 | D:1      | Found a faded altar of an unknown god.
   977 | D:2      | Identified the +0 whip "Tunuramui" {flame, rF+++ rC+ Int-2
                  | SInv}
  1141 | D:2      | Learned a level 3 spell: Inner Flame
  1206 | D:2      | Reached skill level 4 in Fire Magic
  1233 | D:2      | Noticed Sigmund
  1304 | D:2      | Killed Sigmund
  1305 | D:2      | Reached skill level 1 in Armour
  1305 | D:2      | Reached XP level 4. HP: 9/24 MP: 3/8
  1305 | D:2      | Reached XP level 5. HP: 11/28 MP: 3/9
  1395 | D:2      | Reached XP level 6. HP: 33/33 MP: 2/10
  1546 | D:2      | Noticed Terence
  1550 | D:2      | Killed Terence
  1666 | D:2      | Reached skill level 1 in Fighting
  2452 | D:3      | Found a sparkling altar of Nemelex Xobeh.
  2462 | D:3      | Found an iron altar of Okawaru.
  2466 | D:3      | Found a hide-covered altar of Uskayaw.
  3005 | D:3      | Found a glowing silver altar of Zin.
  3005 | D:3      | Noticed an angel
  3528 | D:4      | Noticed Blork the orc
  3532 | D:4      | Killed Blork the orc
  3711 | D:3      | Reached XP level 7. HP: 38/38 MP: 12/12
  3822 | D:4      | Reached skill level 5 in Fire Magic
  4062 | D:4      | Learned a level 2 spell: Searing Ray
  4066 | D:4      | Learned a level 3 spell: Mephitic Cloud
  4172 | D:4      | Found a shadowy altar of Dithmenos.
  4609 | D:4      | Learned a level 2 spell: Passwall
  4626 | D:5      | Entered Level 5 of the Dungeon
  5016 | D:5      | Reached skill level 5 in Spellcasting
  5016 | D:5      | Reached XP level 8. HP: 43/43 MP: 10/15
  5597 | D:6      | Reached skill level 6 in Fire Magic
  6105 | D:6      | Noticed a troll
  6110 | D:6      | Killed a troll
  6111 | D:6      | Reached XP level 9. HP: 37/48 MP: 10/18
  6240 | D:6      | Reached skill level 7 in Fire Magic
  6354 | D:6      | Found a shimmering altar of Xom.
  6505 | D:6      | Learned a level 4 spell: Flame Wave
  7209 | D:5      | Reached skill level 5 in Armour
  7574 | D:7      | Reached skill level 1 in Shields
  7575 | D:7      | Noticed Menkaure
  7731 | D:7      | Killed Menkaure
  7732 | D:7      | Reached skill level 8 in Fire Magic
  7857 | D:7      | Found a sacrificial altar of Ru.
  8014 | D:7      | Found Nyssu's Jewellery Shop.
  8035 | D:7      | Found a staircase to the Ecumenical Temple.
  8052 | Temple   | Entered the Ecumenical Temple
  8061 | Temple   | Became a worshipper of Vehumet
  8141 | D:7      | Found a white marble altar of Elyvilon.
  8379 | D:7      | Found a glowing golden altar of the Shining One.
  8437 | D:7      | Found a snail-covered altar of Cheibriados.
  8712 | D:8      | Reached XP level 10. HP: 44/53 MP: 3/21
  9236 | D:8      | Found a shimmering blue altar of Sif Muna.
  9288 | D:8      | Found a bloodstained altar of Trog.
  9327 | D:8      | Reached * piety under Vehumet
  9327 | D:8      | Offered knowledge of Sandblast by Vehumet.
  9657 | D:9      | Learned a level 3 spell: Swiftness
  9874 | D:9      | Found a stormy altar of Qazlal.
  9991 | D:9      | Reached skill level 5 in Conjurations
 10167 | D:9      | Reached skill level 9 in Fire Magic
 10242 | D:9      | Found a blossoming altar of Fedhas.
 10281 | D:9      | You fall into a shaft and drop 1 floor!
 10281 | D:10     | Entered Level 10 of the Dungeon
 10339 | D:10     | Found a broken altar of Ashenzari.
 10454 | D:9      | Offered knowledge of Shock by Vehumet.
 10566 | D:9      | Reached ** piety under Vehumet
 11275 | D:9      | Reached skill level 10 in Fire Magic
 11275 | D:9      | Reached XP level 11. HP: 57/57 MP: 13/24
 11466 | D:9      | Found a staircase to the Lair.
 11694 | D:10     | Noticed a sun demon
 11999 | D:10     | Noticed Sonja
 12265 | D:10     | Offered knowledge of Hailstorm by Vehumet.
 12357 | D:10     | Found a portal to a secret trove of treasure.
 12586 | D:10     | Killed Sonja
 12914 | D:11     | Reached skill level 10 in Spellcasting
 12936 | D:11     | Noticed a boulder beetle
 12950 | D:11     | Killed a boulder beetle
 13241 | D:11     | Reached skill level 11 in Fire Magic
 13355 | D:11     | Found a shimmering altar of Xom.
 13357 | D:11     | Found a shimmering altar of Xom.
 13412 | D:11     | Found a shimmering altar of Xom.
 13418 | D:11     | Found a shimmering altar of Xom.
 13419 | D:11     | Found a shimmering altar of Xom.
 13419 | D:11     | Found a shimmering altar of Xom.
 13624 | D:11     | Reached *** piety under Vehumet
 13824 | D:11     | Learned a level 4 spell: Sticky Flame
 14026 | D:12     | Noticed a green ugly thing
 14035 | D:12     | Killed a green ugly thing
 14208 | D:12     | Reached skill level 5 in Shields
 14392 | D:12     | Offered knowledge of Ignite Poison by Vehumet.
 14397 | D:12     | Reached XP level 12. HP: 48/62 MP: 16/26
 14711 | D:12     | Found a staircase to the Orcish Mines.
 14754 | D:12     | Learned a level 3 spell: Ignite Poison
 14841 | D:12     | Noticed Snorg
 14848 | D:12     | Killed Snorg
 14876 | D:12     | Identified a scroll of acquirement
 15636 | D:12     | Reached skill level 12 in Fire Magic
 15831 | D:13     | Reached **** piety under Vehumet
 15842 | D:13     | Noticed a rakshasa
 15850 | D:13     | Killed a rakshasa
 15921 | D:13     | Offered knowledge of Olgreb's Toxic Radiance by Vehumet.
 15928 | D:13     | Learned a level 4 spell: Olgreb's Toxic Radiance
 16023 | D:13     | Noticed a boulder beetle
 16047 | D:13     | Killed a boulder beetle
 16231 | D:13     | Noticed a centaur warrior
 16234 | D:13     | Killed a centaur warrior
 16402 | D:13     | Noticed a seven-headed hydra
 16466 | D:13     | Killed a seven-headed hydra
 16786 | D:14     | Noticed a centaur warrior
 16791 | D:14     | Killed a centaur warrior
 16950 | D:14     | Noticed a two-headed ogre
 16957 | D:14     | Reached skill level 13 in Fire Magic
 16958 | D:14     | Killed a two-headed ogre
 16959 | D:14     | Reached XP level 13. HP: 65/66 MP: 20/29
 17603 | D:14     | Found a gate to the Vaults.
 17710 | D:15     | Entered Level 15 of the Dungeon
 17768 | D:14     | Acquired the +2 pair of gloves of the Manifold Knaves
                  | {Int+8}
 17945 | D:15     | Identified the +7 whip "Utzal" {heavy, Int+4}
 18071 | D:15     | Identified the +7 spear of the Conjuring Jester {spect, rF+
                  | rC+ Int-2}
 18501 | D:15     | Reached skill level 14 in Fire Magic
 18821 | D:15     | Noticed a cyan very ugly thing
 18833 | D:15     | Killed a cyan very ugly thing
 19111 | D:15     | Found a staircase to the Depths.
 19495 | Lair:1   | Entered Level 1 of the Lair of Beasts
 19502 | Lair:1   | Gained mutation: Your large and strong wings let you fly.
                  | [Gargoyle growth]
 19502 | Lair:1   | Reached XP level 14. HP: 70/72 MP: 16/31
 19530 | Lair:1   | Reached ***** piety under Vehumet
 19531 | Lair:1   | Offered knowledge of Freezing Cloud by Vehumet.
 19956 | Lair:1   | Noticed Urug
 19977 | Lair:1   | Killed Urug
 20133 | Lair:1   | Learned a level 5 spell: Freezing Cloud
 21126 | Lair:2   | Found a runed translucent gate.
 21126 | Lair:2   | Found a runed translucent gate.
 21127 | Lair:2   | Found a runed translucent gate.
 21128 | Lair:2   | Noticed Mistam's ghost (journeyman TeCj)
 21142 | Lair:2   | Found a viscous altar of Jiyva.
 21866 | Lair:2   | Found a staircase to the Snake Pit.
 22257 | Lair:3   | Reached skill level 15 in Fire Magic
 22466 | Lair:3   | Found a staircase to the Swamp.
 22819 | Lair:3   | Reached skill level 1 in Evocations
 23079 | Lair:3   | Identified the ring of Ateifyv {rPois rF- rC+ rCorr Dex+4}
 24631 | Lair:4   | Found a runed translucent door.
 26624 | Lair:5   | Entered Level 5 of the Lair of Beasts
 26649 | Lair:5   | Reached XP level 15. HP: 48/80 MP: 27/33
 27096 | Lair:5   | Reached skill level 5 in Fighting
 27101 | Lair:5   | Reached skill level 15 in Spellcasting
 28039 | Lair:5   | Found a viscous altar of Jiyva.
 28039 | Lair:5   | Found a staircase to the Slime Pits.
 28351 | Lair:1   | Killed Mistam's ghost
 28441 | Lair:2   | Reached skill level 16 in Fire Magic
 28787 | Orc:1    | Entered Level 1 of the Orcish Mines
 29112 | Orc:1    | Offered knowledge of Fireball by Vehumet.
 29320 | D:12     | Learned a level 6 spell: Starburst
 29740 | Orc:2    | Entered Level 2 of the Orcish Mines
 29740 | Orc:2    | Noticed Azrael
 29740 | Orc:2    | Found Sonasid's Antique Armour Emporium.
 29750 | Orc:2    | Killed Azrael
 29868 | Orc:2    | Noticed an orc warlord
 30021 | Orc:1    | Killed an orc warlord
 30227 | Orc:2    | Reached skill level 1 in Poison Magic
 30337 | Orc:2    | Found Yvupn's Antique Weapon Boutique.
 30355 | Orc:2    | Bought an ichor-stained helmet for 218 gold pieces
 30355 | Orc:2    | Identified the +0 helmet of the Maze {rC+ Dex+6 SInv} (You
                  | bought it in a shop on level 2 of the Orcish Mines)
 30355 | Orc:2    | Bought a pair of shimmering boots for 218 gold pieces
 30355 | Orc:2    | Identified the +2 pair of boots "Liroytheot" {rF- Dex+4
                  | SInv} (You bought it in a shop on level 2 of the Orcish
                  | Mines)
 30390 | Orc:2    | Bought a glimmering mace for 200 gold pieces
 30390 | Orc:2    | Identified the +6 mace "Jurun" {speed, rF- Int+5 Dex+2}
                  | (You bought it in a shop on level 2 of the Orcish Mines)
 30462 | Orc:2    | Found Woafuxto's Jewellery Boutique.
 30652 | Orc:2    | Found a runed translucent door.
 30652 | Orc:2    | Found a shimmering altar of Xom.
 30652 | Orc:2    | Noticed leviel's ghost (journeyman HOFi)
 30653 | Orc:2    | Identified the +5 battleaxe of the Heavens {chaos, rC- MP+9
                  | Str+7 Stlth+}
 30759 | Orc:2    | Found Zaessemm's Jewellery Shop.
 30894 | Orc:2    | Found Xonoes's General Store.
 30930 | Orc:2    | Found a staircase to the Elven Halls.
 31058 | Orc:2    | Killed leviel's ghost
 31672 | Snake:1  | Entered Level 1 of the Snake Pit
 31683 | Snake:1  | Slain by a salamander

Illustrated notes

Levels and vault maps discovered:
D:1:      sevenhm_arrival_forest_fort_small_6, layout_basic,
          shapermc_ecumenical_altar_venn, serial_park_tiny_pond,
          supply_closet_lemuel
D:2:      layout_basic, minmay_indecisive_spiral, uniq_sigmund, uniq_terence
D:3:      layout_basic, zin_angel, minmay_overflow_temple_star_quad,
          bh_walls_and_bars
D:4:      layout_rooms, grunt_dithmenos_smoke, uniq_blork_the_orc
D:5:      layout_basic
D:6:      layout_rooms, mainiacjoe_overflow_alcove_1
D:7:      layout_cave_pools, chei_slow_surprise, lemuel_tele_altar, tso_altar,
          nicolae_ru_path_of_blood, minmay_temple_entry_butterflies,
          serial_gnoll_camp, gnoll_camp_mini_hut, gnoll_camp_mini_hut,
          gnoll_camp_mini_hut, gnoll_camp_mini_hut, gnoll_camp_mini_shop,
          gnoll_camp_medium_01, uniq_menkaure
D:8:      layout_basic, nzn_overflow_gifts_of_might_and_magic
D:9:      layout_loops_ring, grunt_qazlal_clouds, fedhas_altar_fruit_tree,
          erik_lair_dragon, special_room [special_room_orc]
D:10:     layout_rooms, ashenzari_altar_1, enter_trove_6, uniq_sonja
D:11:     layout_loops_corners, nicolae_sextant, minivault_10, xom_redecorated
D:12:     layout_long_grid, hiddenorc1_lemuel, uniq_snorg
D:13:     layout_gridville
D:14:     layout_rooms, david_vaults_2
D:15:     gammafunk_enter_depths_forms, layout_stronghold,
          roderic_lattice_octagonal_star
Temple:   nicolae_temple_little_seven
Lair:1:   layout_cave_pods, st_stairs_4, uniq_urug
Lair:2:   layout_roguey, nicolae_snake_entry_squirm, gammafunk_ghost_ooze
Lair:3:   layout_misc_corridors, minmay_swamp_entry_eels,
          hangedman_lair_unloving_vines, eino_house_with_fridge
Lair:4:   gammafunk_lair_enchanted_lake, layout_hall_layers, serial_bayou,
          serial_bayou_lagoon_b, serial_bayou_pond_d, serial_bayou_ford_a,
          roderic_batcave
Lair:5:   minmay_lair_end_frog_pond, layout_loops_ring,
          dpeg_slime_entry_enclosed, chequers_serial_rivers_small_b
Snake:1:  layout_gridlike, lemuel_fruit_tree
Orc:1:    layout_caves, basic_altar, rock_pile
Orc:2:    grunt_orc_gardens, layout_caves, grunt_orc_garden, grunt_orc_garden,
          grunt_orc_garden, grunt_orc_garden, basic_altar, serial_shops,
          nicolae_shop_behind_doors, ebering_ghost_xom, uniq_azrael

Skill      XL: |  1  2  3  4  5  6  7  8  9 10 11 12 13 14 15 |
---------------+----------------------------------------------+-----
Fire Magic     | 4 5 6 8 10 11 13 14 15 16 | 16.2
Armour         | 1 2 4 5 6 |  6.3
Dodging        | 2 3 4 |  4.1
Spellcasting   | 3 5 6 7 9 10 12 13 14 15 | 15.5
Conjurations   | 2 3 4 5 6 7 8 9 |  9.1
Fighting       | 1 2 4 6 |  6.4
Shields        | 1 3 5 6 7 8 |  8.4
Stealth        | 3 |  3.4
Evocations     | 2 4 |  4.8
Poison Magic   | 1 |  1.0
Ice Magic      | |  0.7

Action                   |  1- 3 |  4- 6 |  7- 9 | 10-12 | 13-15 || total
-------------------------+-------+-------+-------+-------+-------++-------
Melee: Short sword       |    22 |       |       |       |       ||    22
       Whip              |    14 |    37 |   114 |    58 |    27 ||   250
       Dagger            |     7 |       |       |       |       ||     7
       Punch             |       |     1 |     2 |       |       ||     3
       Scimitar          |       |       |       |       |     1 ||     1
       War axe           |       |       |       |       |     4 ||     4
       Spear             |       |       |       |       |    34 ||    34
Throw: Dart              |     3 |       |       |       |       ||     3
       Javelin           |       |       |       |     6 |     3 ||     9
       Throwing net      |       |       |       |       |     1 ||     1
 Cast: Foxfire           |    25 |    13 |    40 |    37 |    75 ||   190
       Scorch            |    10 |    25 |   102 |   204 |   496 ||   837
       Inner Flame       |     1 |     2 |    29 |    83 |   173 ||   288
       Flame Wave        |       |       |     2 |     2 |    33 ||    37
       Searing Ray       |       |       |       |     3 |     3 ||     6
       Sticky Flame      |       |       |       |     1 |     2 ||     3
       Mephitic Cloud    |       |       |       |     1 |     4 ||     5
       Ignite Poison     |       |       |       |     1 |     1 ||     2
       Olgreb's Toxic Ra |       |       |       |     1 |     5 ||     6
       Swiftness         |       |       |       |       |     1 ||     1
       Starburst         |       |       |       |       |     7 ||     7
       Freezing Cloud    |       |       |       |       |     5 ||     5
Evoke: Wand              |       |       |       |     2 |     4 ||     6
  Use: Potion            |       |     4 |       |     1 |     8 ||    13
       Scroll            |       |     3 |    13 |    10 |     9 ||    35
 Stab: Sleeping          |       |     3 |       |       |       ||     3
Armor: Robe              |    27 |     5 |       |       |       ||    32
       Steam dragon scal |       |    18 |   123 |    57 |       ||   198
       Troll leather arm |       |       |       |    15 |   225 ||   240
Dodge: Dodged            |    69 |    21 |   160 |    72 |   163 ||   485
Block: Other             |       |       |    28 |       |       ||    28
       Reflection        |       |       |     5 |    13 |    41 ||    59
       Buckler           |       |       |    15 |    51 |       ||    66
       Kite shield       |       |       |       |    84 |   355 ||   439

Table legend: (Time is in decaauts)
 A = Elapsed time spent in this place.
 B = Non-inter-level travel time spent in this place.
 C = Inter-level travel time spent in this place.
 D = Time resting spent in this place.
 E = Time spent auto-exploring this place.
 F = Levels seen in this place.
 G = Mean time per level.
                   A        B        C        D        E       F      G
               +--------+--------+--------+--------+--------+-----+--------+
         Total |  31752 |  29535 |   2217 |  11099 |  13245 |  24 | 1323.0 |
       Dungeon |  20718 |  19035 |   1683 |   6806 |   8938 |  15 | 1381.2 |
        Temple |    134 |    108 |     26 |      0 |     26 |   1 |  134.0 |
          Lair |   8772 |   8367 |    405 |   3704 |   3345 |   5 | 1754.4 |
     Snake Pit |     11 |     11 |      0 |      0 |      0 |   1 |   11.0 |
  Orcish Mines |   2115 |   2013 |    102 |    589 |    936 |   2 | 1057.5 |
               +--------+--------+--------+--------+--------+-----+--------+

Top non-repeatable levels by time:
  Lair:4: 3109 daAuts
     D:9: 2593 daAuts
    D:12: 2125 daAuts
     D:6: 1904 daAuts
     D:3: 1795 daAuts
  Lair:1: 1663 daAuts
  Lair:2: 1651 daAuts
    D:15: 1478 daAuts
  Lair:5: 1445 daAuts
     D:7: 1381 daAuts
     D:2: 1287 daAuts
    D:11: 1286 daAuts
     D:8: 1261 daAuts
    D:13: 1218 daAuts
   Orc:1: 1067 daAuts
